AoeStats
← K.T.

Arena

505901393Analyzed
3v3 RM · 22d ago on Sep 11, 2026· 54m 5s· 6 players
Game mode
Random Map
Map size
Normal (6 player)
Population
200
Speed
Normal
Resources
Standard
Victory
Conquest
Starting age
Dark Age
Ending age
Imperial Age
RankedLock teamsTeams togetherTeam positionsShared explorationLock speedFull tech treeHidden civsTurbo modeCheats
Victory
Defeat
🇹🇷 Hindustanis · Türkiye
1102
+16
🇨🇳 Khmer · China
1088
+16
🇮🇳 Hindustanis · India
1058
+18
🇷🇺 Ethiopians · Russia
1197
-21
🇧🇷 Turks · Brazil
1076
-16
🇺🇦 Teutons · Ukraine
1014
-13
ODIUM UA
10:06 Feudal Age
15:07 Castle Age
13:34 Horse Collar
13:43 Double-Bit Axe
16:17 Bow Saw
17:56 Heavy Plow
18:10 Scale Mail Armor
22:18 Wheelbarrow
21:40 Pikeman
23:32 Squires
24:39 Loom
25:11 Hand Cart
24:48 Town Watch
25:29 Man-at-Arms
26:28 Gambesons
26:36 Long Swordsman
27:38 Forging
28:46 Arson
30:06 Gold Mining
33:07 Chain Mail Armor
33:27 Iron Casting
33:01 Scale Barding Armor
33:08 Bloodlines
36:16 Imperial Age
34:44 Ironclad
37:58 Two-Man Saw
37:30 Crop Rotation
36:23 Onager
36:24 Capped Ram
37:48 Siege Onager
38:50 Conscription
39:34 Blast Furnace
39:05 Plate Mail Armor
38:02 Halberdier
39:47 Hoardings
39:38 Block Printing
39:45 Sanctity
40:43 Fletching
41:10 Siege Engineers
41:16 Masonry
42:39 Crenellations
42:47 Ballistics
43:28 Chemistry
44:43 Chain Barding Armor
44:19 Bodkin Arrow
46:27 Fortified Wall
50:07 Plate Barding Armor
50:08 Cavalier
52:09 Paladin
WAnds | danila90r
11:09 Feudal Age
15:10 Castle Age
13:38 Double-Bit Axe
13:49 Horse Collar
15:36 Wheelbarrow
17:37 Bow Saw
18:24 Heavy Plow
23:56 Gold Mining
26:37 Gold Shaft Mining
26:36 Scale Mail Armor
26:46 Forging
27:49 Chain Mail Armor
31:36 Imperial Age
29:30 Royal Heirs
29:41 Loom
30:12 Hand Cart
30:06 Town Watch
31:58 Iron Casting
33:28 Conscription
35:20 Fletching
35:30 Padded Archer Armor
36:18 Coinage
36:08 Thumb Ring
35:24 Crossbowman
36:37 Squires
36:14 Arbalester
36:52 Bodkin Arrow
37:12 Leather Archer Armor
37:48 Banking
37:52 Conscription
37:33 Torsion Engines
38:39 Chemistry
38:00 Ballistics
38:05 Bracer
39:25 Ring Archer Armor
45:14 Two-Man Saw
rodsra
12:07 Feudal Age
16:07 Castle Age
14:10 Double-Bit Axe
21:12 Imperial Age
20:38 Bow Saw
21:13 Horse Collar
22:40 Scale Barding Armor
40:59 Thumb Ring
40:52 Loom
41:44 Wheelbarrow
41:50 Ballistics
41:46 Masonry
43:21 Hand Cart
43:16 Fletching
44:02 Loom
45:53 Heavy Plow
46:31 Bombard Tower
46:42 Architecture
45:52 Treadmill Crane
47:21 Town Watch
47:53 Husbandry
48:03 Bloodlines
48:16 Chain Barding Armor
47:52 Bodkin Arrow
47:57 Padded Archer Armor
48:57 Conscription
48:52 Murder Holes
50:57 Plate Barding Armor
50:32 Forging
50:23 Bracer
50:20 Arrowslits
50:48 Fortified Wall
53:35 Artillery
Ubeydullah
10:21 Feudal Age
10:01 Loom
15:50 Castle Age
15:17 Double-Bit Axe
17:28 Bow Saw
17:23 Horse Collar
20:26 Gold Mining
21:56 Wheelbarrow
24:11 Hand Cart
24:17 Stone Mining
24:39 Heavy Plow
27:44 Gold Shaft Mining
31:07 Imperial Age
28:45 Husbandry
28:56 Bloodlines
30:29 Scale Barding Armor
30:35 Forging
31:31 Heavy Camel Rider
32:50 Chain Barding Armor
33:06 Iron Casting
33:48 Imperial Camel Rider
36:37 Two-Man Saw
36:20 Stone Shaft Mining
36:51 Blast Furnace
36:27 Plate Barding Armor
35:17 Light Cavalry
36:13 Town Watch
37:43 Scale Mail Armor
37:32 Hussar
43:23 Ballistics
44:05 Chemistry
42:57 Fletching
43:08 Padded Archer Armor
43:42 Elite Skirmisher
45:03 Thumb Ring
K.T.
0:26 Loom
11:38 Feudal Age
16:33 Castle Age
14:28 Stone Mining
14:20 Horse Collar
14:38 Double-Bit Axe
15:24 Gold Mining
20:29 Wheelbarrow
19:39 Town Watch
20:52 Scale Mail Armor
21:02 Forging
21:15 Bow Saw
21:09 Heavy Plow
21:51 Chain Mail Armor
23:17 Squires
27:19 Iron Casting
32:50 Imperial Age
31:20 Padded Archer Armor
31:25 Scale Barding Armor
34:38 Chemistry
34:47 Bloodlines
34:37 Husbandry
35:05 Conscription
39:52 Bow Saw
40:29 Heavy Camel Rider
40:40 Light Cavalry
43:58 Blast Furnace
43:19 Elite Ghulam
45:03 Hussar
49:09 Hand Cart
49:40 Chain Barding Armor
523988158
0:39 Loom
10:53 Feudal Age
16:08 Castle Age
14:18 Double-Bit Axe
14:29 Horse Collar
16:20 Wheelbarrow
17:42 Bow Saw
17:42 Heavy Plow
27:02 Imperial Age
26:25 Hand Cart
27:02 Bloodlines
27:21 Arson
30:00 Double Crossbow
30:26 Conscription
30:42 Hoardings
30:14 Husbandry
34:16 Scale Barding Armor
34:22 Forging
34:02 Fletching
34:14 Padded Archer Armor
34:21 Tusk Swords
35:47 Crop Rotation
39:36 Light Cavalry
43:52 Gold Mining
43:52 Stone Mining
44:44 Chain Barding Armor
47:24 Elite Ballista Elephant
52:55 Coinage
52:27 Caravan
Connection lost

Rejoining the realm…

Still unreachable

The connection could not be restored.

Session expired

The server has moved on; the page needs a fresh start.